 Dungeon Sprint DCSS version 0.27.1-33-g824d729ab1 (webtiles) character file.

Game seed: 14279394011136896214

834 Hipnos the Basher (level 7, 0/55 HPs)
             Began as a Gargoyle Berserker on Dec 1, 2021.
             Was a Priest of Trog.
             Slain by a kobold demonologist (1 damage)
             ... in the Dungeon (Sprint I: "Red Sonja").
             The game lasted 00:01:45 (793 turns).

Hipnos the Basher (Gargoyle Berserker)               Turns: 793, Time: 00:01:46

Health: 0/55       AC:  8    Str: 22    XL:     7   Next: 98%
Magic:  7/7        EV: 12    Int:  8    God:    Trog [***...]
Gold:   416        SH:  0    Dex:  9    Spells: 6/6 levels left

rFire    . . .     SeeInvis .   a - +0 mace
rCold    . . .     Faith    .   (no shield)
rNeg     + . .     Spirit   .   i - +0 leather armour
rPois    ∞         Reflect  .   (no helmet)
rElec    +         Harm     .   (no cloak)
rCorr    .         Rampage  .   (no gloves)
Will     .....     NoTele   +   (no boots)
Stlth    +.........             (no amulet)
HPRegen  0.18/turn              (no ring)
MPRegen  0.10/turn              (no ring)

@: on berserk cooldown, slowed, very slow
A: sickness immunity, AC +4, negative energy resistance 1, electricity
resistance, torment resistance 1, petrification resistance
a: Renounce Religion, Berserk, Trog's Hand


You were in the Dungeon.
You worshipped Trog.
Trog was most pleased with you.
You visited 1 branch You collected 416 gold pieces.

Inventory:

Hand Weapons
 a - a +0 mace (weapon)
Armour
 b - a +0 animal skin
 i - a +0 leather armour (worn)
Scrolls
 e - 3 scrolls of identify {unknown}
 h - a scroll of blinking
Potions
 c - a potion of curing
 d - a potion of brilliance {unknown}
 f - 2 potions of magic
 g - a potion of berserk rage
 j - a potion of mutation {unknown}


   Skills:
 * Level 11.6 Fighting
 * Level 11.7 Maces & Flails
 + Level 5.6 Armour
 + Level 4.0 Dodging
 + Level 1.4 Stealth


You had 6 spell levels left.
You didn't know any spells.
Your spell library was empty.

Dungeon Overview and Level Annotations

Branches:
Dungeon (1/1)

Altars:
Makhleb
Sif Muna
Vehumet
Wu Jian
Xom
Jiyva
Lugonu


Innate Abilities, Weirdness & Mutations

You are immune to sickness and miasma.
Your stone body is resilient. (AC +4)
You are immune to poison.
You resist negative energy. (rN+)
You are resistant to electric shocks. (rElec)
You are resistant to unholy torment.
You are immune to petrification.


Message History

Trog appreciates your killing of a magic user.
The shadow imp disappears in a puff of smoke!
Your Fighting skill increases to level 11!
Your Maces & Flails skill increases to level 11!
Your Dodging skill increases to level 4!
You closely miss the kobold demonologist.
The kobold demonologist misses you.
You sock the kobold demonologist!
The kobold demonologist is moderately wounded.
You closely miss the kobold demonologist.
The kobold demonologist is moderately wounded.
The kobold demonologist completely misses you.
You thump the kobold demonologist!
The kobold demonologist is heavily wounded.
You sock the kobold demonologist!
The kobold demonologist is almost dead.
You are no longer berserk.
You are exhausted.
You feel yourself slow down.
The kobold demonologist hits you with a +0 dagger.
The white imp gestures at you. The puff of frost hits you.
You closely miss the kobold demonologist.
The kobold demonologist is almost dead.
The kobold demonologist mumbles some strange words.
The white imp barely misses you.
You hit the kobold demonologist but do no damage.
The kobold demonologist is almost dead.
The kobold demonologist gestures wildly while chanting.
The white imp gestures at you. The puff of frost hits you!
The red devil hits you from afar with a +0 trident!
You hit the kobold demonologist.
The kobold demonologist is almost dead.
The kobold demonologist hits you but does no damage.
The white imp closely misses you.
The red devil hits you from afar with a +0 trident!!
* * * LOW HITPOINT WARNING * * *
The kobold demonologist hits you with a +0 dagger.
You die...

#####################
))..#.)'..#__#..@54.#
.#..'..#..'..'..#K4.#
###'#####'#__####...+
#..#...#.#### ####
####..##.# ##'#_.+
+..._# #_.#'# ##+#.#


You could see a hellwing (summoned), a kobold demonologist, a red devil
(summoned) and a white imp (summoned).

Vanquished Creatures
  A kobold demonologist (D)
  A slime creature (D)
  Sigmund (D)
  A floating eye (D)
  An ogre (D)
  A jelly (D)
  Ijyb (D)
7 creatures vanquished.

Notes
Turn   | Place    | Note
-------+----------+-------------------------------------------
     0 | D        | Hipnos the Gargoyle Berserker began the quest for the Orb.
     0 | D        | Reached XP level 1. HP: 14/14 MP: 1/1
     1 | D        | Noticed Ijyb
    10 | D        | Killed Ijyb
    11 | D        | Reached skill level 5 in Fighting
    11 | D        | Reached XP level 2. HP: 3/21 MP: 2/2
    11 | D        | Reached XP level 3. HP: 3/26 MP: 3/3
   297 | D        | Noticed an ogre
   307 | D        | Killed an ogre
   308 | D        | Reached XP level 4. HP: 25/34 MP: 4/4
   311 | D        | Noticed Sigmund
   321 | D        | Killed Sigmund
   321 | D        | Reached ** piety under Trog
   322 | D        | Reached XP level 5. HP: 12/41 MP: 5/5
   322 | D        | Reached XP level 6. HP: 13/46 MP: 6/6
   562 | D        | Found an ornate altar of the Wu Jian Council.
   562 | D        | Found a shimmering blue altar of Sif Muna.
   564 | D        | Found a radiant altar of Vehumet.
   604 | D        | Found a burning altar of Makhleb.
   604 | D        | Found a viscous altar of Jiyva.
   604 | D        | Found a shimmering altar of Xom.
   604 | D        | Found a corrupted altar of Lugonu.
   604 | D        | Noticed a slime creature
   628 | D        | Killed a slime creature
   629 | D        | Reached skill level 10 in Fighting
   629 | D        | Reached skill level 10 in Maces & Flails
   629 | D        | Reached skill level 5 in Armour
   629 | D        | Reached XP level 7. HP: 44/53 MP: 7/7
   770 | D        | Noticed a kobold demonologist
   770 | D        | Noticed a kobold demonologist
   772 | D        | Reached *** piety under Trog
   773 | D        | Reached skill level 1 in Stealth
   785 | D        | Killed a kobold demonologist
   792 | D        | Noticed a red devil
   793 | D        | Noticed a hellwing
   793 | D        | HP: 1/55 [red devil[a kobold demonologist] (18)]
   793 | D        | Slain by a kobold demonologist

Illustrated notes

Levels and vault maps discovered:
D:        dungeon_sprint_1 [red_sonja_temple_1, red_sonja_temple_small_1]

Skill      XL: |  1  2  3  4  5  6  7 |
---------------+----------------------+-----
Fighting       | 5 7 9 10 11 | 11.6
Maces & Flails | 4 6 8 10 11 | 11.7
Dodging        | 2 3 4 |  4.0
Armour         | 3 4 5 |  5.6
Stealth        | 1 |  1.4

Action                   |  1- 3 |  4- 6 |  7- 9 || total
-------------------------+-------+-------+-------++-------
Melee: Mace              |    11 |    23 |    21 ||    55
Invok: Berserk           |     1 |     2 |     1 ||     4
  Use: Potion            |     2 |       |       ||     2
Armor: Animal skin       |     1 |       |       ||     1
       Leather armour    |       |     2 |     4 ||     6
Dodge: Dodged            |     5 |     8 |     5 ||    18
